 Dungeon Crawl Stone Soup version 0.31.0-12-g77e489cdc1 (webtiles) character file.

Game seed: 10948897467913334218

23 remko2 the Trooper (level 2, 33/33 HPs)
             Began as an Oni Cinder Acolyte on Feb 26, 2024.
             Was a High Priest of Ignis.
             Quit the game on level 2 of the Dungeon.
             The game lasted 00:11:36 (987 turns).

remko2 the Trooper (Oni Cinder Acolyte)              Turns: 987, Time: 00:11:36

Health: 33/33      AC:  3    Str: 17    XL:     2   Next: 95%
Magic:  3/3        EV:  9    Int: 15    God:    Ignis [*****.]
Gold:   100        SH:  0    Dex:  4    Spells: 1/3 levels left

rFire   + . .        a - -1 spear (flame)
rCold   . . .        (no shield)
rNeg    . . .        b - +0 robe
rPois   .            (helmet restricted)
rElec   .            (no cloak)
rCorr   .            (gloves unavailable)
SInv    .            (boots unavailable)
Will    .....        (no amulet)
Stlth   +            (no ring)
HPRegen 0.25/turn    (no ring)
MPRegen 0.08/turn

%: no passive effects
@: no status effects
A: large, unfitting armour, horns 1, tough skin 1, double potion healing,
drunken brawling
a: Renounce Religion, Fiery Armour, Foxfire Swarm, Rising Flame


You were on level 2 of the Dungeon.
You worshipped Ignis.
Ignis was extremely pleased with you.
You visited 1 branch of the dungeon, and saw 2 of its levels.

You collected 100 gold pieces.

Inventory:

Hand Weapons
 a - a -1 spear of flaming (weapon)
 d - a +0 spear
 f - a +0 spear
 n - a +0 sling
Missiles
 c - 32 stones (quivered)
Armour
 b - a +0 robe (worn)
Talismans
 l - a flux talisman
Scrolls
 e - a scroll of identify {unknown}
 g - a scroll of immolation {unknown}
 h - a scroll of silence {unknown}
 j - a scroll of torment {unknown}
Potions
 i - a potion of mutation {unknown}
 k - a potion of curing {unknown}


   Skills:
 + Level 4.5 Fighting
 + Level 3.4 Polearms
 + Level 0.2 Throwing
 + Level 1.2 Spellcasting
 + Level 2.9 Fire Magic


You had one spell level left.
You knew the following spells:

 Your Spells              Type           Power      Damage    Failure   Level
a - Scorch                Fire           18%        2d5       11%         2

Your spell library contained the following spells:

 Spells                   Type           Power      Damage    Failure   Level
 Ensorcelled Hibernation  Hex/Ice        0%         N/A       36%         2
 Passwall                 Erth           0%         N/A       58%         3
 Swiftness                Air            0%         N/A       58%         3


Dungeon Overview and Level Annotations

Branches:
Dungeon (2/15)

Altars:


Innate Abilities, Weirdness & Mutations

You are too large for most types of armour.
You have a pair of small horns on your head.
You have tough skin. (AC +1)
You gain doubled healing and magic from potions.
Whenever you drink a healing potion, you attack all around you.


Message History

You kill the giant cockroach!
Found 4 stones.
Found a smoky ruby potion.
c - 32 stones (gained 4)
Found a stone staircase leading down.
Found a scale mail.
Throw: 32 stones
Press: ? - help, Q - select action, (/) - cycle Shift-Dir - straight line, f - you
Okay, then.
Casting: Scorch (safe; 11% risk of failure)
Confirm with . or Enter, or press ? or * to list all spells.
You don't know that spell.
Unknown command.
Casting: Scorch (safe; 11% risk of failure)
Confirm with . or Enter, or press ? or * to list all spells.
You can't see any susceptible monsters within range! (Use Z to cast anyway.)
You see here a +0 scale mail.
Found a stone staircase leading down.
You open the door.
A goblin and a quokka come into view.
There is an open door here.
The quokka closely misses you.
You hit the quokka. You burn the quokka. Your headbutt misses the quokka.
The quokka is heavily wounded.
The quokka bites you.
You closely miss the quokka. Your headbutt misses the quokka.
The quokka is heavily wounded.
The quokka bites you. The quokka attacks as it pursues you!
The quokka barely misses you.
There is an open door here.
You hit the goblin. You burn the goblin.
You kill the goblin!
The quokka barely misses you.
You hit the quokka. You burn the quokka.
You kill the quokka!
There is an open door here.
Things that are here:
a +0 dagger; a goblin corpse Unknown command.
Are you sure you want to abandon this character and quit the game? (Confirm with "yes".)

########
.......###### ....#
####........# #.#.#
#..)....@...+ #.#.#
#.##........#
##.#.####.###########
.........# #.#.##.#.#
##.#.##.#.####
............>#
##.#.##.#.##.#
...#....#....#


There were no monsters in sight!

Vanquished Creatures
  3 bats (D:2)
  5 endoplasms
  2 giant cockroaches (D:2)
  2 goblins
  A hobgoblin (D:1)
  A quokka (D:2)
  2 ball pythons
  A frilled lizard (D:1)
  3 rats (D:1)
20 creatures vanquished.

Notes
Turn   | Place    | Note
-------+----------+-------------------------------------------
     0 | D:1      | remko2 the Oni Cinder Acolyte began the quest for the Orb.
     0 | D:1      | Reached XP level 1. HP: 24/24 MP: 2/2
   227 | D:1      | Reached XP level 2. HP: 32/32 MP: 3/3
   296 | D:1      | Learned a level 2 spell: Scorch
   987 | D:2      | Quit the game

Illustrated notes

Levels and vault maps discovered:
D:1:      minmay_arrival_shattered_statue, layout_basic
D:2:      kb_forest_paths, layout_basic

Action                     || total
---------------------------++-------
  Melee: Spear             ||    44
         Headbutt          ||     6
         Punch             ||     1
   Fire: Sling             ||     2
  Throw: Stone             ||     6
 Invoke: Fiery Armour      ||     1
 Armour: Robe              ||    38
  Dodge: Dodged            ||    25
